 Dungeon Crawl Stone Soup version 0.25.0-11-g1f837a76a1 (webtiles) character file.

Game seed: 9736504295115277157

(classic levelgen) 3903 EnegeticOcto the Fiendish (level 10, 77/91 HPs)
             Began as a Deep Dwarf Fighter on June 27, 2020.
             Was a Priest of Makhleb.
             Quit the game on level 7 of the Dungeon.
             The game lasted 00:06:49 (4290 turns).

EnegeticOcto the Fiendish (Deep Dwarf Fighter)      Turns: 4290, Time: 00:06:50

Health: 77/91      AC: 11    Str: 28    XL:     10   Next: 0%
Magic:  8/8        EV:  4    Int: 10    God:    Makhleb [***...]
Gold:   379        SH: 17    Dex: 12    Spells: 9/9 levels left

rFire    . . .     SeeInvis .   h - +2 hand axe (vorpal)
rCold    + . .     Gourm    .   g - +0 tower shield
rNeg     . . .     Faith    .   f - +3 chain mail
rPois    .         Spirit   .   (no helmet)
rElec    .         Reflect  .   (no cloak)
rCorr    .         Harm     .   (no gloves)
MR       +....                  (no boots)
Stlth    ..........             (no amulet)
HPRegen  0.00/turn              o - ring of protection from cold
MPRegen  0.11/turn              d - +6 ring of strength

@: non-regenerating, drained, very slow
A: damage resistance, heal wounds, sense surroundings 2, no regeneration
a: Heal Wounds, Minor Destruction, Lesser Servant of Makhleb, Renounce Religion


You were on level 7 of the Dungeon.
You worshipped Makhleb.
Makhleb was most pleased with you.
You were not hungry.

You visited 1 branch of the dungeon, and saw 8 of its levels.

You collected 379 gold pieces.

Inventory:

Hand Weapons
 a - a +0 war axe
 h - a +2 vorpal hand axe (weapon)
Armour
 f - a +3 chain mail (worn)
 g - a +0 tower shield (worn)
Jewellery
 d - a +6 ring of strength (right hand)
 o - a ring of protection from cold (left hand)
Wands
 q - a wand of digging (3) {@v3}
Scrolls
 l - 2 scrolls of blinking {@r4}
 n - 3 scrolls of teleportation {@r3 !r}
 r - a scroll of magic mapping {@r5 !r}
Potions
 c - a potion of brilliance {unknown}
 i - 2 potions of mutation
 m - a potion of stabbing {@q5 !q}
 p - 3 potions of flight
 s - a potion of heal wounds {unknown}
Comestibles
 e - 5 rations


   Skills:
 + Level 6.0(5.0) Fighting
 * Level 9.4(8.2) Axes
 - Level 3.2(2.2) Armour
 + Level 7.6(6.5) Shields
 * Level 10.2(9.0) Invocations


You had 9 spell levels left.
You didn't know any spells.
Your spell library was empty.

Dungeon Overview and Level Annotations

Branches:
Dungeon (8/15)             Temple (0/1) D:5
   Lair: D:8-11

Altars:
Cheibriados
Fedhas
Hepliaklqana
Makhleb
Sif Muna
Trog
Uskayaw
Zin
The Shining One

Annotations:
D:3 exclusion: oklob plant
D:4 exclusion: oklob plant
D:5 exclusions: oklob plant and wandering mushroom, Prince Ribbit
D:6 exclusion: oklob plant
D:7 exclusion: 6 oklob plants


Innate Abilities, Weirdness & Mutations

You are resistant to damage.
You can heal yourself by infusing magical energy.
You passively map the area around you.
You do not regenerate.


Message History

No target in view!
No target in view!
No target in view!
No target in view!
No target in view!
No target in view!
No target in view!
No target in view!
You now have 379 gold pieces (gained 21).
There is a stone staircase leading down here.
There is a stone staircase leading down here.
All of the chunks of flesh in your inventory have rotted away.
You fall into a shaft and drop 1 floor!
The shaft crumbles and collapses.
Level annotation: exclusion: 6 oklob plants
There is a stone staircase leading up here.
You climb upwards.
Level annotation: exclusion: oklob plant
There is a stone staircase leading down here.
The wandering mushroom releases spores at you!
You are engulfed in a cloud of spores!
A wandering mushroom is nearby!
A wandering mushroom is nearby!
A wandering mushroom is nearby!
You hit the wandering mushroom but do no damage.
You block the wandering mushroom's attack.
You hit the wandering mushroom.
The wandering mushroom is lightly damaged.
You block the wandering mushroom's attack.
You hit the wandering mushroom.
The wandering mushroom is lightly damaged.
The wandering mushroom releases spores at you but does no damage.
You slash the wandering mushroom!
The wandering mushroom is moderately damaged.
You block the wandering mushroom's attack.
You hit the wandering mushroom but do no damage.
The wandering mushroom is moderately damaged.
You block the wandering mushroom's attack.
You hit the wandering mushroom.
The wandering mushroom is moderately damaged.
You block the wandering mushroom's attack.
You hit the wandering mushroom.
The wandering mushroom is heavily damaged.
The wandering mushroom releases spores at you!
You are engulfed in a cloud of spores!
You hit the wandering mushroom.
The wandering mushroom is severely damaged.
The wandering mushroom releases spores at you but does no damage.
You hit the wandering mushroom.
The wandering mushroom is severely damaged.
The wandering mushroom releases spores at you but does no damage.
You hit the wandering mushroom.
The wandering mushroom is almost destroyed.
The wandering mushroom releases spores at you!
You are engulfed in a cloud of spores!
The wandering mushroom releases spores at you but does no damage.
You hit the wandering mushroom but do no damage.
The wandering mushroom is almost destroyed.
You block the wandering mushroom's attack.
You slash the wandering mushroom!
You destroy the wandering mushroom!
That felt strangely unrewarding.
No target in view!
No target in view!
No target in view!
No target in view!
No target in view!
No target in view!
No target in view!
No target in view!
No target in view!
No target in view!
No target in view!
No target in view!
No target in view!
No target in view!
No target in view!
No target in view!
Found a stone staircase leading up.
There is a stone staircase leading up here.
Partly explored, can't reach some places.
You feel much better.
Partly explored, can't reach some places.
Partly explored, can't reach some places.
(D) Dungeon (T) Temple
Where to? (Enter - D:7 @ (x,y), ? - help)
There is a stone staircase leading down here.
You climb downwards.
Level annotation: exclusion: 6 oklob plants
There is a stone staircase leading up here.
(D) Dungeon (T) Temple
Where to? (Enter - D:7, ? - help) Fedhas invokes nature against you.
The torrent of water hits you!!
The wave splashes down.
Splash!
You fall into the shallow water.
Moving in this stuff is going to be slow.
Fedhas seems mollified.
You feel much better.
Are you sure you want to abandon this character and quit the game? (Confirm with "yes".)

*,,,,#...>.....#..##......##.....
*,,,,#....##......##............#
,,,,*#....####.............##..##
*,,*#........#......##....####...
**,.......#........####....##...#
*.......##..........#..#.....###
*.#.....*#.........###.#....####
**,......*#^...≈≈...#...###..#.#.
,,,,***,,*#....≈@.......#........
,,,,****,,#.....≈...........##...
,,,,*,**,,##...............###...
,,,.....,####..##..<......###....
**,,....,.##..#*##.........###..#
**,#..#*....##*...........##...#
#####..##.....###..........†...#.
....##..#....###............†..#.
.............##........##.##.....


There were no monsters in sight!

Vanquished Creatures
  Pikel (D:5)
  Sigmund (D:5)
  Menkaure (D:7)
  Duvessa (D:7)
  A wandering mushroom (D:6)
  2 orc warriors
  A slave (D:5)
  3 ice beasts (D:5)
  2 black bears
  A phantom (D:7)
  A sky beast (D:6)
  3 centaurs
  4 bullfrogs
  A wyvern zombie (D:7)
  Dowan (D:7)
  A water moccasin skeleton (D:6)
  7 killer bees
  11 wights
  A howler monkey (D:6)
  5 crimson imps
  A bullfrog zombie (D:6)
  4 hounds
  3 orc priests
  5 orc wizards
  An iguana (D:7)
  2 worker ants
  A killer bee zombie (D:7)
  A hound skeleton (D:4)
  4 gnolls (D:3)
  3 adders (D:4)
  A shadow imp (D:5)
  An adder skeleton (D:5)
  4 worms
  5 leopard geckos
  19 orcs
  A ball python (D:1)
  4 giant cockroaches
  5 hobgoblins
  8 jackals (D:3)
  4 kobolds
  7 quokkas
  3 bats (D:2)
  3 frilled lizards
  6 goblins
  A rat (D:2)
146 creatures vanquished.

Vanquished Creatures (others)
  3 slaves (D:5)
  An adder zombie (D:5)
  A leopard gecko (D:5)
  A wandering mushroom (D:5)
  A ballistomycete spore (D:4)
7 creatures vanquished.

Grand Total: 153 creatures vanquished

Notes
Turn   | Place    | Note
-------+----------+-------------------------------------------
     0 | D:1      | EnegeticOcto the Deep Dwarf Fighter began the quest for the
                  | Orb.
     0 | D:1      | Reached XP level 1. HP: 20/20 MP: 1/1
   203 | D:2      | Found a shimmering blue altar of Sif Muna.
   389 | D:2      | Found a snail-covered altar of Cheibriados.
   393 | D:2      | Reached XP level 2. HP: 24/27 MP: 2/2
   425 | D:2      | Found a faded altar of an unknown god.
   428 | D:2      | Became a worshipper of Fedhas Madash
   428 | D:2      | Reached * piety under Fedhas
   429 | D:2      | Fell from the grace of Fedhas
   582 | D:2      | Noticed a +0 dagger
   582 | D:2      | Noticed a +0 hand axe
   677 | D:2      | Found a hide-covered altar of Uskayaw.
  1050 | D:3      | Reached skill level 3 in Axes
  1050 | D:3      | Reached XP level 3. HP: 24/33 MP: 3/3
  1051 | D:3      | Your magical essence is drained by the effort!
  1183 | D:3      | Reached skill level 4 in Shields
  1216 | D:3      | Found a burning altar of Makhleb.
  1230 | D:3      | Your magical essence is drained by the effort!
  1231 | D:3      | Reached skill level 3 in Fighting
  1240 | D:3      | Became a worshipper of Makhleb the Destroyer
  1301 | D:3      | Your magical essence is drained by the effort!
  1304 | D:3      | Reached XP level 4. HP: 39/42 MP: 1/1
  1342 | D:3      | Reached skill level 1 in Invocations
  1371 | D:3      | Found a hazy altar of Hepliaklqana.
  1619 | D:3      | Noticed a wandering mushroom
  1619 | D:3      | Noticed a wandering mushroom
  1619 | D:3      | Noticed a wandering mushroom
  1619 | D:3      | Noticed an oklob plant
  1619 | D:3      | Noticed a wandering mushroom
  1619 | D:3      | Your magical essence is drained by the effort!
  1672 | D:4      | Reached XP level 5. HP: 31/49 MP: 0/2
  1707 | D:4      | Reached skill level 4 in Axes
  1711 | D:4      | Reached skill level 2 in Invocations
  2064 | D:4      | Reached * piety under Makhleb
  2161 | D:4      | Reached skill level 5 in Shields
  2161 | D:4      | Reached XP level 6. HP: 54/56 MP: 4/4
  2192 | D:4      | Noticed a wandering mushroom
  2192 | D:4      | Noticed a wandering mushroom
  2192 | D:4      | Noticed a wandering mushroom
  2192 | D:4      | Noticed an oklob plant
  2192 | D:4      | Noticed a wandering mushroom
  2266 | D:4      | Reached skill level 3 in Invocations
  2298 | D:4      | Your magical essence is drained by the effort!
  2422 | D:5      | Entered Level 5 of the Dungeon
  2428 | D:5      | Noticed a slave
  2429 | D:5      | Noticed Pikel
  2430 | D:5      | Noticed a slave
  2432 | D:5      | Noticed a slave
  2444 | D:5      | Killed a slave
  2445 | D:5      | Your magical essence is drained by the effort!
  2446 | D:5      | Killed Pikel
  2446 | D:5      | Reached skill level 4 in Fighting
  2446 | D:5      | Reached skill level 5 in Axes
  2446 | D:5      | Reached skill level 5 in Invocations
  2446 | D:5      | Reached XP level 7. HP: 64/64 MP: 2/4
  2480 | D:5      | Noticed Sigmund
  2490 | D:5      | Killed Sigmund
  2490 | D:5      | Reached skill level 6 in Axes
  2519 | D:5      | Reached skill level 6 in Invocations
  2519 | D:5      | Reached XP level 8. HP: 59/73 MP: 6/6
  2529 | D:5      | Reached skill level 6 in Shields
  2571 | D:5      | Your magical essence is drained by the effort!
  2585 | D:5      | Noticed a wandering mushroom
  2586 | D:5      | Noticed an oklob plant
  2683 | D:5      | Noticed a wandering mushroom
  2837 | D:5      | Reached skill level 7 in Axes
  2837 | D:5      | Reached skill level 7 in Invocations
  2954 | D:5      | Found a staircase to the Ecumenical Temple.
  3053 | D:5      | Noticed Prince Ribbit
  3088 | D:5      | Your magical essence is drained by the effort!
  3265 | D:5      | You fall into a shaft and drop 3 floors!
  3279 | D:8      | Reached skill level 5 in Fighting
  3298 | D:7      | Noticed Dowan
  3300 | D:7      | Noticed Duvessa
  3301 | D:7      | Noticed Menkaure
  3307 | D:7      | Reached ** piety under Makhleb
  3307 | D:7      | Reached skill level 8 in Invocations
  3309 | D:7      | Gained mutation: You passively map the area around you.
                  | [Deep Dwarf growth]
  3309 | D:7      | Reached XP level 9. HP: 58/81 MP: 5/7
  3312 | D:7      | Killed Duvessa
  3313 | D:7      | Killed Menkaure
  3313 | D:7      | Reached skill level 8 in Axes
  3313 | D:7      | Killed Dowan
  3364 | D:7      | Reached skill level 7 in Shields
  3369 | D:7      | Reached skill level 9 in Invocations
  3372 | D:7      | Your magical essence is drained by the effort!
  3378 | D:7      | Noticed an oklob plant
  3378 | D:7      | Noticed an oklob plant
  3378 | D:7      | Noticed an oklob plant
  3378 | D:7      | Noticed an oklob plant
  3378 | D:7      | Noticed an oklob plant
  3378 | D:7      | Noticed an oklob plant
  3676 | D:7      | Reached skill level 9 in Axes
  3768 | D:6      | Reached *** piety under Makhleb
  3920 | D:6      | Reached skill level 10 in Invocations
  3925 | D:6      | Reached skill level 6 in Fighting
  3982 | D:6      | Noticed a wandering mushroom
  3982 | D:6      | Noticed an oklob plant
  4071 | D:6      | Reached XP level 10. HP: 91/91 MP: 8/8
  4082 | D:6      | Found a glowing golden altar of the Shining One.
  4100 | D:6      | Found a glowing silver altar of Zin.
  4104 | D:6      | Found a bloodstained altar of Trog.
  4176 | D:6      | You fall into a shaft and drop 1 floor!
  4288 | D:7      | Was forgiven by Fedhas
  4290 | D:7      | Quit the game

Illustrated notes

Levels and vault maps discovered:
D:1:      minmay_arrival_open_corners, layout_basic
D:2:      layout_loops_corners, led_sif_pool, nicolae_overflow_hidden_temple,
          dancing_weapons_uskayaw, chequers_ecumenical_altar_grove, first_ration
D:3:      layout_loops_ring, makhleb_heckhound_becter, marbit_many_paths
D:4:      layout_loops_ring, serial_rivers, chequers_serial_rivers_small_a,
          chequers_serial_rivers_micro_d, chequers_serial_rivers_micro_a,
          chequers_serial_rivers_marsh, st_stairs_6
D:5:      layout_basic, minmay_temple_entry_poolview, solitary_fountain,
          minivault_23, due_unseen_surprise, uniq_prince_ribbit1, uniq_sigmund,
          uniq_pikel
D:6:      layout_rooms, lemuel_coloured_pillars_altar,
          overflow_temple_1_default, minitemple
D:7:      layout_cave_pools, kennysheep_decorative_pillar,
          uniq_crazy_yiuf_cottage, uniq_menkaure, uniq_duvessa
D:8:      layout_basic, nicolae_ru_path_of_blood,
          hangedman_little_slice_of_home, chequers_serial_rivers_large_a

Skill      XL: |  1  2  3  4  5  6  7  8  9 |
---------------+----------------------------+-----
Axes           | 3 4 5 6 7 9 |  9.4
Shields        | 4 5 6 7 |  7.6
Fighting       | 3 4 5 6 |  6.0
Invocations    | 1 2 5 6 8 10 | 10.2
Armour         | |  3.2

Action                   |  1- 3 |  4- 6 |  7- 9 | 10-12 || total
-------------------------+-------+-------+-------+-------++-------
Melee: War axe           |   112 |    70 |       |       ||   182
       Hand axe          |       |    93 |   396 |    19 ||   508
Invok: Renounce Religion |     1 |       |       |       ||     1
 Abil: Heal Wounds       |     5 |    13 |    21 |     2 ||    41
  Use: Scroll            |       |     4 |    14 |       ||    18
       Potion            |       |     2 |     1 |       ||     3
  Eat: Chunk             |     1 |     4 |     3 |     1 ||     9
       Ration            |       |       |     1 |       ||     1
Armor: Chain mail        |    58 |    87 |   218 |     6 ||   369
Dodge: Dodged            |    13 |    17 |    49 |       ||    79
Block: Tower shield      |   112 |   169 |   331 |     9 ||   621
